 Dungeon Crawl Stone Soup version 0.30.1-11-g7821555f0a (webtiles) character file.

Game seed: 6932840549437305175

47476 FinalFate the Tortoise (level 14, 0/136 HPs)
             Began as a Minotaur Berserker on Jan 17, 2024.
             Was a High Priest of Trog.
             Slain by a yak (1 damage)
             ... while petrified by a catoblepas
             ... on level 4 of the Lair of Beasts.
             The game lasted 00:41:25 (17510 turns).

FinalFate the Tortoise (Minotaur Berserker)        Turns: 17510, Time: 00:41:26

Health: 0/136      AC: 25    Str: 26    XL:     14   Next: 8%
Magic:  13/13      EV:  2    Int:  4    God:    Trog [*****.]
Gold:   639        SH:  0    Dex: 17    Spells: 13/13 levels left

rFire   . . .        v - +3 dire flail (protect)
rCold   . . .        (shield currently unavailable)
rNeg    + + +        I - +0 plate armour
rPois   ∞            G - +0 hat {Stlth+}
rElec   .            c - +0 cloak
rCorr   .            (no gloves)
SInv    .            b - +0 pair of boots
Will    +....        L - amulet of faith Stlth
                     q - +4 ring of protection
HPRegen 0.42/turn    l - +6 ring of dexterity
MPRegen 0.13/turn

%: faith
@: petrified, on berserk cooldown, slowed
A: horns 2, retaliatory headbutt
a: Renounce Religion, Berserk, Trog's Hand, Brothers in Arms


You were on level 4 of the Lair of Beasts.
You worshipped Trog.
Trog was extremely pleased with you.
You visited 3 branches of the dungeon, and saw 17 of its levels.

You collected 918 gold pieces.
You spent 279 gold pieces at shops.

Inventory:

Hand Weapons
 v - a +3 dire flail of protection (weapon)
Missiles
 X - 3 throwing nets (quivered)
Armour
 b - a +0 pair of boots (worn)
 c - a +0 cloak (worn)
 G - a +0 hat of stealth (worn)
 I - a +0 plate armour (worn)
Jewellery
 j - a ring of protection from fire
 l - a +6 ring of dexterity (right hand)
 q - a +4 ring of protection (left hand)
 w - a +6 ring of intelligence
 L - an amulet of faith (around neck)
 M - a ring of protection from fire
 O - a +4 ring of protection
Wands
 r - a wand of paralysis (4)
 t - a wand of light (14)
 F - a wand of flame (31)
 U - a wand of digging (12)
 V - a wand of polymorph (3)
 W - a wand of iceblast (6)
Scrolls
 g - 3 scrolls of fog
 h - 3 scrolls of vulnerability
 i - 7 scrolls of teleportation
 k - 2 scrolls of magic mapping {unknown}
 m - a scroll of amnesia {unknown}
 u - a scroll of silence {unknown}
 y - a scroll of brand weapon {unknown}
 A - a scroll of blinking
 B - 8 scrolls of identify
 E - 2 scrolls of poison {unknown}
 J - a scroll of enchant armour {unknown}
 K - a scroll of torment {unknown}
 Z - a scroll of noise {unknown}
Potions
 a - 4 potions of mutation
 d - 2 potions of flight
 e - a potion of lignification {unknown}
 f - 5 potions of brilliance
 n - 3 potions of might
 o - a potion of cancellation {unknown}
 s - 3 potions of magic
 C - a potion of invisibility {unknown}
 D - a potion of haste {unknown}
 H - 2 potions of attraction
 T - a potion of degeneration {unknown}
Miscellaneous
 N - a condenser vane
 P - a phial of floods
 Q - a piece from Xom's chessboard (15/15)
 R - a lightning rod (4/4)
 Y - a phantom mirror


   Skills:
 * Level 15.6 Fighting
 * Level 16.1 Maces & Flails
 * Level 16.8 Armour
 * Level 9.9 Dodging


You had 13 spell levels left.
You didn't know any spells.
Your spell library was empty.

Dungeon Overview and Level Annotations

Branches:
Dungeon (12/15)            Temple (1/1) D:6            Lair (4/5) D:10
 Shoals (0/4) Lair:2       Spider (0/4) Lair:2          Orc (0/2) D:10
  Slime: Lair:4-5

Altars:
Ashenzari
Elyvilon
Fedhas
Gozag
Hepliaklqana
Kikubaaqudgha
Makhleb
Nemelex Xobeh
Okawaru
Qazlal
Ru
Sif Muna
Trog
Uskayaw
Vehumet
Wu Jian
Xom
Zin
The Shining One

Shops:
D:6 [   D:9 !


Innate Abilities, Weirdness & Mutations

You have a pair of horns on your head.
You reflexively headbutt those who attack you in melee.


Message History

The komodo dragon bites you but does no damage.
The yak gores you but does no damage.
The catoblepas gores you but does no damage.
The jelly hits you but does no damage. The yak barely misses you.
The yak gores you but does no damage.
You are engulfed in calcifying dust.
The yak is no longer petrified.
The yak is engulfed in calcifying dust.
The yak is moving more slowly.
The yak gores you but does no damage.
The catoblepas gores you but does no damage.
The komodo dragon bites you but does no damage.
The yak gores you.
* * * LOW HITPOINT WARNING * * *
The yak gores you!
* * * LOW HITPOINT WARNING * * *
The jelly hits you but does no damage. The yak gores you but does no damage.
You are engulfed in calcifying dust.
You are no longer berserk.
You feel yourself slow down.
The yak is engulfed in calcifying dust.
The yak stops moving altogether!
The yak gores you but does no damage. The yak gores you.
The komodo dragon bites you.
* * * LOW HITPOINT WARNING * * *
The jelly barely misses you. The catoblepas gores you.
* * * LOW HITPOINT WARNING * * *
The yak completely misses you. The yak barely misses you.
The komodo dragon bites you but does no damage.
The jelly hits you but does no damage. The yak gores you but does no damage.
The yak gores you.
* * * LOW HITPOINT WARNING * * *
The catoblepas gores you!
* * * LOW HITPOINT WARNING * * *
The komodo dragon bites you but does no damage.
The yak gores you but does no damage. The jelly hits you but does no damage.
The catoblepas barely misses you. The yak gores you.
* * * LOW HITPOINT WARNING * * *
The yak gores you but does no damage. The komodo dragon bites you!
* * * LOW HITPOINT WARNING * * *
The yak gores you.
You die...

.$.......#
........#
##.......# #
.#........# ..
..........##...
#..............
#.....JYY.....$
#...†@YJJ....
##..lYYY.....
....#..JJJ.....
.....#...J.....
# ....#........
##...#........
# ...........
#...#.......


You could see a catoblepas, a komodo dragon, 5 yaks, 4 jellies and 3 endoplasms.

Vanquished Creatures
  Gastronok (D:9)
  Nessos (D:12)
  Snorg (D:10)
  A fire dragon (D:12)
  Harold (Lair:2)
  A hydra (D:12)
  A centaur warrior (D:12)
  4 two-headed ogres
  4 boulder beetles (D:12)
  Nergalle (D:10)
  2 skeletal warriors (D:12)
  2 deep elf pyromancers (D:12)
  An oklob plant (Lair:1)
  4 manticores
  4 cyclopes
  An ugly thing (D:8)
  Joseph (D:9)
  A merfolk siren (Lair:2)
  Maurice (D:12)
  3 black mambas
  5 gargoyles
  2 cane toads
  2 unseen horrors
  A rime drake (shapeshifter) (D:12)
  A komodo dragon (D:12)
  A rime drake (Lair:2)
  8 kobold demonologists
  A tengu conjurer (D:12)
  11 trolls
  A polar bear (Lair:2)
  3 hornets
  3 blink frogs (Lair:1)
  4 slime creatures (D:12)
  2 jumping spiders (Lair:2)
  A culicivora (Lair:2)
  7 wyverns
  3 shadows
  2 vampires
  3 wraiths
  47 yaks
  4 fire bats (D:12)
  6 basilisks
  A steam dragon (D:8)
  Grum (Lair:1)
  5 redbacks (Lair:2)
  6 vampire mosquitoes (D:12)
  A hell hound (D:12)
  2 acid dragons (D:12)
  7 water moccasins
  Duvessa (D:6)
  A swamp drake (D:10)
  2 orc warriors
  3 ice beasts
  A black bear (D:6)
  A sky beast (D:7)
  An ogre (D:4)
  11 wolves
  4 centaurs
  6 bullfrogs
  8 kobold brigands
  3 phantoms
  A gnoll sergeant (D:12)
  4 scorpions
  13 wights
  Dowan (D:6)
  15 killer bees
  An electric eel (D:10)
  6 howler monkeys
  2 jellies
  4 lava snakes
  5 hounds
  An orc priest (D:7)
  Jessica (D:2)
  5 iguanas
  3 sleepcaps
  8 orc wizards
  3 gnolls (D:7)
  9 adders
  2 white imps
  An ufetubus (D:6)
  A worm (D:2)
  A dart slug (D:3)
  44 orcs
  12 ball pythons
  7 bats
  5 endoplasms
  3 giant cockroaches
  6 goblins
  8 hobgoblins
  7 jackals
  25 kobolds
  4 quokkas
  2 frilled lizards (D:3)
  3 rats
  A fire vortex (D:12)
433 creatures vanquished.

Vanquished Creatures (collateral kills)
  An ugly thing (D:12)
1 creature vanquished.

Vanquished Creatures (others)
  2 fire vortices (D:12)
2 creatures vanquished.

Grand Total: 436 creatures vanquished

Notes
Turn   | Place    | Note
-------+----------+-------------------------------------------
     0 | D:1      | FinalFate the Minotaur Berserker began the quest for the
                  | Orb.
     0 | D:1      | Reached XP level 1. HP: 19/19 MP: 0/0
    46 | D:1      | Reached XP level 2. HP: 27/27 MP: 1/1
   348 | D:1      | Reached ** piety under Trog
   476 | D:2      | Reached XP level 3. HP: 33/33 MP: 2/2
   650 | D:2      | Noticed Jessica
   658 | D:2      | Killed Jessica
   659 | D:2      | Reached XP level 4. HP: 20/41 MP: 3/3
   814 | D:2      | Identified the +8 whip "Goblinslayer" {flame, *Corrode MP+9
                  | Stlth+}
  1243 | D:2      | Reached skill level 5 in Maces & Flails
  1461 | D:3      | Reached XP level 5. HP: 47/47 MP: 4/4
  1607 | D:3      | Found a sparkling altar of Nemelex Xobeh.
  1892 | D:4      | Reached *** piety under Trog
  1912 | D:4      | Noticed an ogre
  1914 | D:4      | Reached skill level 5 in Fighting
  1930 | D:4      | Killed an ogre
  1931 | D:4      | Reached XP level 6. HP: 41/56 MP: 5/5
  2953 | D:5      | Entered Level 5 of the Dungeon
  2997 | D:5      | Found a bloodstained altar of Trog.
  3034 | D:5      | Reached XP level 7. HP: 62/62 MP: 6/6
  3332 | D:5      | Reached skill level 5 in Armour
  3418 | D:5      | Found a sacrificial altar of Ru.
  3498 | D:5      | Reached XP level 8. HP: 71/71 MP: 7/7
  3913 | D:6      | Reached **** piety under Trog
  3998 | D:6      | Found a burning altar of Makhleb.
  4006 | D:6      | Reached skill level 5 in Dodging
  4103 | D:6      | Found an iron altar of Okawaru.
  4143 | D:6      | Noticed Duvessa
  4149 | D:6      | Noticed Dowan
  4154 | D:6      | Killed Duvessa
  4162 | D:6      | Killed Dowan
  4348 | D:6      | Reached skill level 10 in Maces & Flails
  4348 | D:6      | Reached XP level 9. HP: 79/79 MP: 8/8
  4429 | D:6      | Found Burrer's Antique Armour Boutique.
  4605 | D:6      | Found a staircase to the Ecumenical Temple.
  4861 | D:6      | Bought a buzzing cloak for 237 gold pieces
  4861 | D:6      | Identified the +0 cloak "Itiq" {*Corrode rN+ Int+5} (You
                  | bought it in a shop on level 6 of the Dungeon)
  5010 | D:6      | Found a stormy altar of Qazlal.
  5075 | D:7      | Found a blossoming altar of Fedhas.
  5229 | D:7      | Noticed a troll
  5250 | D:7      | Noticed a gargoyle
  5257 | D:7      | Killed a gargoyle
  5277 | D:7      | Noticed a manticore
  5285 | D:7      | Killed a manticore
  5334 | D:7      | Killed a troll
  5762 | D:7      | Reached XP level 10. HP: 72/90 MP: 9/9
  6099 | D:8      | Noticed a cyan ugly thing
  6110 | D:8      | Killed a cyan ugly thing
  6368 | D:8      | Found a shimmering blue altar of Sif Muna.
  6368 | D:8      | Found a shimmering altar of Xom.
  6828 | D:9      | Reached ***** piety under Trog
  6829 | D:9      | Reached skill level 10 in Armour
  7318 | D:9      | Noticed Joseph
  7332 | D:9      | Killed Joseph
  7481 | D:9      | Reached skill level 10 in Fighting
  7632 | D:9      | Found Dadepuh's Distillery.
  7698 | D:9      | Bought a potion of curing for 42 gold pieces
  7722 | D:9      | Noticed Gastronok
  7736 | D:9      | Killed Gastronok
  7737 | D:9      | Reached XP level 11. HP: 80/100 MP: 10/10
  8006 | D:9      | Found a hide-covered altar of Uskayaw.
  8100 | D:10     | Entered Level 10 of the Dungeon
  8190 | D:10     | Found an opulent altar of Gozag.
  8242 | D:10     | Noticed Snorg
  8252 | D:10     | Killed Snorg
  8261 | D:10     | Found a staircase to the Orcish Mines.
  8367 | D:10     | Noticed Nergalle
  8376 | D:10     | Killed Nergalle
  8696 | D:10     | Found a staircase to the Lair.
  9299 | Temple   | Entered the Ecumenical Temple
  9537 | D:11     | Noticed a two-headed ogre
  9544 | D:11     | Killed a two-headed ogre
  9966 | D:11     | Noticed a soul eater
 10809 | D:12     | Reached XP level 12. HP: 112/112 MP: 11/11
 10873 | D:12     | Noticed Nessos
 10887 | D:12     | Killed Nessos
 10964 | D:12     | Noticed Maurice
 10974 | D:12     | Killed Maurice
 11118 | D:12     | HP: 4/112 [red ugly thing (21)]
 11451 | D:12     | Identified the +3 flail of True Grit {heavy, rC- Int+6
                  | Dex+4}
 11696 | D:12     | Identified the +5 trident of Gallantry {flame, rPois}
 12097 | D:12     | Noticed a two-headed ogre
 12107 | D:12     | Killed a two-headed ogre
 12438 | D:12     | Noticed a fire dragon
 12451 | D:12     | Killed a fire dragon
 12538 | D:12     | Reached skill level 15 in Armour
 12540 | D:12     | Noticed a boulder beetle
 12554 | D:12     | Killed a boulder beetle
 12631 | D:12     | Noticed an eight-headed hydra
 12635 | D:12     | Killed an eight-headed hydra
 12675 | D:12     | Noticed a centaur warrior
 12685 | D:12     | Killed a centaur warrior
 12807 | D:12     | Reached XP level 13. HP: 114/122 MP: 12/12
 13119 | D:12     | Reached skill level 15 in Maces & Flails
 13270 | D:12     | Paralysed by a hornet for 1 turns
 13968 | Lair:1   | Entered Level 1 of the Lair of Beasts
 14358 | Lair:1   | Noticed Grum
 14374 | Lair:1   | Killed Grum
 14728 | Lair:1   | Received a gift from Trog
 15181 | Lair:1   | Reached skill level 15 in Fighting
 15572 | Lair:2   | Noticed Harold
 15587 | Lair:2   | Killed Harold
 15596 | Lair:2   | Found a staircase to the Shoals.
 16151 | Lair:2   | Found a hole to the Spider Nest.
 17037 | Lair:3   | Reached XP level 14. HP: 135/135 MP: 13/13
 17480 | Lair:4   | Received a gift from Trog
 17510 | Lair:4   | HP: 1/136 [komodo dragon (7)]
 17510 | Lair:4   | Slain by a yak

Illustrated notes

Levels and vault maps discovered:
D:1:      saegor_arrival_simple_a, layout_rooms, supply_closet_lemuel
D:2:      layout_basic, grunt_ministairs_2, uniq_jessica
D:3:      layout_rooms, lemuel_round_altar
D:4:      layout_basic, dreamdust_mushroom_princess, corexii_leaking_fountain
D:5:      layout_basic, mainiacjoe_overflow_chevrons, nicolae_ru_awakened_eye
D:6:      layout_basic, makhleb_heckhound_becter, lemuel_round_altar,
          nicolae_overflow_hidden_temple, nicolae_qazlal_eye_of_the_storm,
          minmay_temple_entry_statues_fountains, serial_shops, shop,
          kennysheep_flooded_box, minmay_a_box_with_orc_wizards_in_it,
          uniq_duvessa
D:7:      minmay_chambers_of_sixes, layout_gridville, fedhas_altar_2
D:8:      layout_cave_pools, nicolae_overflow_two_pavilions
D:9:      layout_irregular_city, nicolae_uskayaw_suspiria,
          nicolae_stop_n_shop_2, minmay_misc_feat_doors, uniq_gastronok,
          uniq_joseph
D:10:     layout_long_grid, kennysheep_little_box, erik_lair_dragon,
          orc_0_dummy, grunt_decor_arrowhead, nrook_pool_corridor,
          small_statue_alley_a, kennysheep_generic_room_3, uniq_nergalle,
          uniq_snorg
D:11:     layout_stronghold, chequers_serial_rivers_large_a,
          kennysheep_small_circle
D:12:     minmay_spiral_squares, layout_basic, hangedman_incinerator,
          uniq_maurice, uniq_nessos
Temple:   hellmonk_temple_beads
Lair:1:   layout_loops_ring, lemuel_fruit_fields, uniq_grum
Lair:2:   layout_regular_city, minmay_shoals_entry_lonely_mermaid,
          nicolae_spider_entry_tight_spaces, serial_bayou_shore_a,
          infiniplex_staircase_pool_2, uniq_harold
Lair:3:   layout_long_grid
Lair:4:   layout_gridlike, nicolae_slime_entry_slimehenge, grunt_megastairs_5

Skill      XL: |  1  2  3  4  5  6  7  8  9 10 11 12 13 |
---------------+----------------------------------------+-----
Maces & Flails | 4 5 6 8 10 11 12 13 14 16 | 16.1
Fighting       | 4 5 6 7 8 10 12 13 15 | 15.6
Dodging        | 3 4 5 6 7 8 9 |  9.9
Armour         | 3 4 5 6 9 11 13 15 16 | 16.8

Action                     |  1- 3 |  4- 6 |  7- 9 | 10-12 | 13-15 || total
---------------------------+-------+-------+-------+-------+-------++-------
  Melee: Mace              |    66 |     4 |       |       |       ||    70
         Headbutt          |     9 |    10 |    47 |   128 |   100 ||   294
         Punch             |     2 |       |     1 |     7 |       ||    10
         Whip              |       |   121 |   197 |   479 |       ||   797
         Dire flail        |       |       |       |    82 |   437 ||   519
 Invoke: Berserk           |     1 |     1 |     2 |     8 |     2 ||    14
         Trog's Hand       |     1 |     1 |       |     2 |     1 ||     5
         Brothers in Arms  |       |       |       |     1 |       ||     1
  Evoke: Wand              |       |       |       |     4 |       ||     4
    Use: Potion            |       |     2 |       |     7 |       ||     9
         Scroll            |       |       |       |    19 |       ||    19
   Stab: Sleeping          |       |     4 |       |       |       ||     4
         Distracted        |       |     1 |       |       |       ||     1
         Invisible         |       |       |       |     1 |       ||     1
         Petrified         |       |       |       |       |     1 ||     1
 Armour: Animal skin       |    19 |     3 |       |       |       ||    22
         Scale mail        |       |    17 |    55 |       |       ||    72
         Chain mail        |       |       |       |    79 |       ||    79
         Plate armour      |       |       |       |   145 |   317 ||   462
  Dodge: Dodged            |    63 |    58 |    84 |   202 |   232 ||   639
